 Dungeon Crawl Stone Soup version 0.25-b1-46-gb8a1ec05df (webtiles) character file.

Game seed: 14009033244094744565

18040 nikku the Fighter (level 12, -1/177 HPs)
             Began as a Minotaur Berserker on June 11, 2020.
             Was a High Priest of Trog.
             Slain by a nine-headed hydra (8 damage)
             ... on level 2 of the Lair of Beasts.
             The game lasted 00:33:43 (14083 turns).

nikku the Fighter (Minotaur Berserker)             Turns: 14083, Time: 00:33:43

Health: -1/177     AC: 16    Str: 22    XL:     12   Next: 24%
Magic:  11/11      EV: 17    Int:  4    God:    Trog [*****.]
Gold:   803        SH:  0    Dex: 10    Spells: 11/11 levels left

rFire    + . .     SeeInvis +   n - +9 executioner's axe (vorpal)
rCold    . . .     Gourm    .   (shield currently unavailable)
rNeg     + . .     Faith    +   F - +1 steam dragon scales
rPois    .         Spirit   .   (helmet restricted)
rElec    +         Reflect  .   k - +2 cloak {Stlth+}
rCorr    .         Harm     .   b - +1 pair of gloves {archery}
MR       ++++.                  A - +1 pair of boots
Stlth    ..........             a - amulet of Esubydd {Faith rElec MR++ Str-5 SInv}
HPRegen  1.39/turn              m - ring of protection from fire
MPRegen  0.12/turn              w - ring of positive energy

@: berserking, regenerating, studying Dodging, very quick
A: retaliatory headbutt, horns 2
a: Berserk, Trog's Hand, Brothers in Arms, Renounce Religion


You were on level 2 of the Lair of Beasts.
You worshipped Trog.
Trog was extremely pleased with you.
You were very hungry.

You visited 2 branches of the dungeon, and saw 13 of its levels.

You collected 803 gold pieces.

Inventory:

Hand Weapons
 n - a +9 vorpal executioner's axe (weapon)
Missiles
 p - 7 poisoned darts (quivered)
 q - 2 curare-tipped darts
Armour
 b - a +1 pair of gloves of archery (worn)
 k - a +2 cloak of stealth (worn)
 A - a +1 pair of boots (worn)
 F - +1 steam dragon scales (worn)
Jewellery
 a - the amulet of Esubydd (around neck) {Faith rElec MR++ Str-5 SInv}
   (You found it on level 9 of the Dungeon)

   [amulet of faith]

   It allows you to gain divine favour quickly.
   It affects your strength (-5).
   It insulates you from electricity.
   It affects your resistance to hostile enchantments.
   It lets you see invisible.
 m - a ring of protection from fire (left hand)
 w - a ring of positive energy (right hand)
Wands
 d - a wand of acid (9)
 g - a wand of flame (16)
 t - a wand of paralysis (6)
 u - a wand of disintegration (17)
 v - a wand of digging (5)
 z - a wand of polymorph (10)
 D - a wand of enslavement (6)
Scrolls
 h - 5 scrolls of teleportation
 i - 2 scrolls of remove curse
 r - a scroll of blinking
 y - 2 scrolls of enchant weapon
 C - 4 scrolls of identify
 E - a scroll of enchant armour
Potions
 e - 7 potions of curing
 f - 4 potions of heal wounds
 o - 2 potions of invisibility
 s - 4 potions of might
Books
 j - a manual of Dodging
Comestibles
 c - 16 rations
 x - 6 chunks of flesh


   Skills:
 * Level 14.3 Fighting
 - Level 14.0 Axes
 + Level 10.5 Armour
 + Level 11.3 Dodging


You had 11 spell levels left.
You didn't know any spells.
Your spell library was empty.

Dungeon Overview and Level Annotations

Branches:
Dungeon (11/15)            Temple (0/1) D:5            Lair (2/6) D:8
    Orc (0/2) D:11
  Swamp: Lair:2-4    Shoals: Lair:2-4     Snake: Lair:2-4    Spider: Lair:2-4

Altars:
Dithmenos
Elyvilon
Hepliaklqana
Nemelex Xobeh
Okawaru
Ru
Wu Jian
Yredelemnul
Zin

Shops:
D:7 [   D:8 (   D:9 (


Innate Abilities, Weirdness & Mutations

You reflexively headbutt those who attack you in melee.
You have a pair of horns on your head.


Message History

You feel resistant to hostile enchantments.
You are feeling hungry.
The nine-headed hydra misses you. The nine-headed hydra bites you.
* * * LOW HITPOINT WARNING * * *
The nine-headed hydra bites you.
* * * LOW HITPOINT WARNING * * *
The nine-headed hydra barely misses you.
The nine-headed hydra bites you!
* * * LOW HITPOINT WARNING * * *
The nine-headed hydra bites you but does no damage.
The nine-headed hydra misses you. The nine-headed hydra bites you.
* * * LOW HITPOINT WARNING * * *
The nine-headed hydra bites you.
* * * LOW HITPOINT WARNING * * *
A red film seems to cover your vision as you go berserk!
You feel yourself moving faster!
You feel mighty!
You are feeling very hungry.
The nine-headed hydra bites you but does no damage.
The nine-headed hydra bites you!
You die...

÷....##....÷.#..#..........
..#.
..#..##.....##.....##.#....
#.... ............#......#
...... .....
.....P#.....##.....##.....
P..#. ..#........<.#......#
... .....
..P..##.....P#.....## #..#.
.....#..#P..##......##
#...#
#+...##....#.#.....P.##.
.....
................@D((((..
.....
#P#.##P#P####P####.#####
#.#P# ########## ### # ###


You could see a nine-headed hydra.

Vanquished Creatures
  Erolcha (D:10)
  A two-headed ogre (D:9)
  Nergalle (Lair:2)
  An unseen horror (D:10)
  A cyclops (D:11)
  A centaur zombie (D:11)
  Maurice (D:9)
  Joseph (D:9)
  A gargoyle (D:10)
  5 spiny frogs
  Maggie (D:10)
  2 komodo dragons
  The ghost of Nattefrost the Skirmisher, an amateur HOFi of Uskayaw (D:4)
  2 trolls
  6 hippogriffs
  5 blink frogs (Lair:2)
  5 yaks (D:9)
  A shadow (D:11)
  3 wyverns
  2 basilisks (D:8)
  A human (D:3)
  A steam dragon (D:10)
  4 water moccasins
  7 porcupines
  An ice beast (D:8)
  4 orc warriors
  A necrophage (D:11)
  2 sky beasts
  3 black bears
  3 ogres
  A phantom (D:7)
  6 wolves
  4 crocodiles
  5 centaurs
  A big kobold (D:10)
  7 bullfrogs
  2 scorpions
  4 wights (D:7)
  6 killer bees (D:5)
  An electric eel (Lair:2)
  3 howler monkeys
  6 crimson imps
  4 bullfrog zombies
  A quasit (D:8)
  6 hounds
  2 jellies
  11 orc priests
  25 orc wizards
  A bullfrog skeleton (D:10)
  3 iguanas
  Terence (D:3)
  Crazy Yiuf (D:2)
  5 worker ants
  4 hound zombies
  A hound skeleton (D:7)
  3 gnolls (D:2)
  A howler monkey skeleton (D:4)
  10 adders
  5 shadow imps
  An ooze (D:1)
  3 adder skeletons
  3 worms
  4 dart slugs (D:1)
  4 leopard geckos
  48 orcs
  4 giant cockroaches
  11 goblins
  8 hobgoblins
  22 jackals
  14 kobolds
  4 quokkas
  A ball python (D:3)
  5 bats
  2 frilled lizards
  A jackal skeleton (D:3)
  A kobold zombie (D:3)
  A leopard gecko zombie (D:8)
  A quokka zombie (D:8)
  5 rats
  2 plants (D:8)
344 creatures vanquished.

Vanquished Creatures (others)
  A kobold (D:3)
  2 plants (D:8)
3 creatures vanquished.

Grand Total: 347 creatures vanquished

Notes
Turn   | Place    | Note
-------+----------+-------------------------------------------
     0 | D:1      | nikku the Minotaur Berserker began the quest for the Orb.
     0 | D:1      | Reached XP level 1. HP: 19/19 MP: 0/0
   273 | D:1      | Reached XP level 2. HP: 27/27 MP: 1/1
   589 | D:1      | Reached XP level 3. HP: 30/33 MP: 2/2
   592 | D:1      | Reached ** piety under Trog
  1186 | D:2      | Reached XP level 4. HP: 37/41 MP: 3/3
  1425 | D:2      | Reached skill level 5 in Fighting
  1425 | D:2      | Reached skill level 5 in Axes
  2132 | D:2      | Found a runed translucent door.
  2133 | D:2      | Noticed Crazy Yiuf
  2224 | D:2      | Reached XP level 5. HP: 44/48 MP: 4/4
  2380 | D:2      | Killed Crazy Yiuf
  2621 | D:3      | Found a glowing silver altar of Zin.
  2703 | D:3      | Noticed Terence
  2709 | D:3      | Killed Terence
  2778 | D:3      | Reached XP level 6. HP: 57/57 MP: 5/5
  2851 | D:3      | Found a runed translucent door.
  2851 | D:3      | Noticed a human
  2854 | D:3      | Found a basalt altar of Yredelemnul.
  2915 | D:3      | Killed a human
  3114 | D:3      | Found a shadowy altar of Dithmenos.
  3242 | D:3      | Reached *** piety under Trog
  3624 | D:4      | Found a white marble altar of Elyvilon.
  3770 | D:4      | Reached XP level 7. HP: 59/64 MP: 6/6
  3962 | D:4      | Found a runed translucent door.
  4090 | D:4      | Noticed Nattefrost's ghost (amateur HOFi)
  4100 | D:4      | Killed Nattefrost's ghost
  4100 | D:4      | Reached skill level 5 in Armour
  4372 | D:5      | Entered Level 5 of the Dungeon
  4435 | D:5      | Noticed a wyvern
  4446 | D:5      | Killed a wyvern
  4446 | D:5      | Reached XP level 8. HP: 74/74 MP: 7/7
  5227 | D:5      | Found a staircase to the Ecumenical Temple.
  5787 | D:6      | Noticed a troll
  5795 | D:6      | Killed a troll
  5956 | D:6      | Reached XP level 9. HP: 58/84 MP: 8/8
  6411 | D:6      | Reached skill level 5 in Dodging
  6685 | D:7      | Reached skill level 10 in Axes
  6759 | D:7      | Reached skill level 10 in Fighting
  6940 | D:7      | Reached **** piety under Trog
  7270 | D:7      | Found a sparkling altar of Nemelex Xobeh.
  7496 | D:7      | Reached XP level 10. HP: 89/94 MP: 9/9
  7561 | D:7      | Found Favovi's Antique Armour Shop.
  8162 | D:8      | Found a staircase to the Lair.
  8216 | D:8      | Reached ***** piety under Trog
  8304 | D:8      | Found a sacrificial altar of Ru.
  8448 | D:8      | Found Udghafi's Antique Weapon Emporium.
  8486 | D:8      | Found an iron altar of Okawaru.
  8808 | D:9      | Noticed Maurice
  8816 | D:9      | Killed Maurice
  8927 | D:9      | Noticed a two-headed ogre
  8938 | D:9      | Killed a two-headed ogre
  9152 | D:9      | Reached XP level 11. HP: 56/105 MP: 10/10
  9323 | D:9      | Found a hazy altar of Hepliaklqana.
  9355 | D:9      | Found an ornate altar of the Wu Jian Council.
  9457 | D:9      | Got a serpentine iron amulet
  9617 | D:9      | Identified the amulet of Esubydd {Faith rElec MR++ Str-5
                  | SInv} (You found it on level 9 of the Dungeon)
  9732 | D:9      | Noticed Joseph
  9744 | D:9      | Killed Joseph
  9857 | D:9      | Found Dohihiz's Weapon Emporium.
 10047 | D:10     | Entered Level 10 of the Dungeon
 10063 | D:10     | Received a gift from Trog
 10231 | D:10     | Noticed an unseen horror
 10239 | D:10     | Killed an unseen horror
 10380 | D:10     | Noticed Erolcha
 10386 | D:10     | Killed Erolcha
 10604 | D:10     | Noticed Maggie
 10611 | D:10     | Killed Maggie
 11458 | D:11     | Reached skill level 10 in Dodging
 11960 | D:11     | Found a staircase to the Orcish Mines.
 12225 | Lair:1   | Entered Level 1 of the Lair of Beasts
 12627 | Lair:1   | Reached skill level 10 in Armour
 13403 | Lair:2   | Reached XP level 12. HP: 97/116 MP: 11/11
 13563 | Lair:2   | Noticed Nergalle
 13580 | Lair:2   | Killed Nergalle
 14073 | Lair:2   | Noticed a seven-headed hydra
 14082 | Lair:2   | HP: 4/118 [nine-headed hydra (4)]
 14083 | Lair:2   | Slain by a nine-headed hydra

Illustrated notes

Levels and vault maps discovered:
D:1:      dpeg_arrival_arbitrary_b, layout_basic
D:2:      cheibrodos_greedy_goblins, layout_loops_corners, first_ration,
          uniq_crazy_yiuf_cottage
D:3:      layout_basic, grunt_dithmenos_smoke_and_mirrors,
          nicolae_overflow_hidden_temple, dk_yredelemnul_ordeal, uniq_terence
D:4:      layout_loops_ring, elyvilon_altar_5, ebering_ghost_reflecting_pool
D:5:      layout_basic, minmay_temple_entry_enclosed_plants, minmay_manual_mail
D:6:      minmay_flawed_box, layout_loops_corners, serial_co_window_serial,
          co_window_cross_1, co_window_paths_b, co_window_corner_a,
          co_window_paths_b, co_window_corner_a, co_window_unsneaky_path_c,
          co_window_corner_cb, co_window_corner_ca, co_window_corner_cb,
          co_window_paths_e, glass_columns_a, glass_columns_a, glass_columns_b,
          glass_columns_a, glass_columns_b
D:7:      minmay_octagon_keep, layout_loops_corners, old_standard_altar,
          serial_shops, shop
D:8:      layout_loops_ring, old_standard_altar, old_standard_altar,
          minmay_lair_entry_grove, serial_shops, nicolae_shop_overgrown_old_shop
D:9:      layout_irregular_city, lemuel_doored_altar, overflow_temple_1_default,
          serial_shops, nicolae_shop_statue_plus, kennysheep_generic_room_9,
          uniq_joseph, uniq_maurice
D:10:     lemuel_ice_spiral_2, layout_basic, uniq_erolcha, uniq_maggie
D:11:     layout_stronghold, orc_0_dummy
Lair:1:   layout_cave_pods, grunt_megastairs_1
Lair:2:   layout_regular_city, minmay_another_anthill, serial_bayou_shore_a,
          grunt_megastairs_3, uniq_nergalle

Skill      XL: |  1  2  3  4  5  6  7  8  9 10 11 12 |
---------------+-------------------------------------+-----
Fighting       | 4 5 6 8 9 10 12 13 14 | 14.3
Axes           | 4 5 6 8 9 11 12 13 14 | 14.0
Armour         | 3 4 5 6 7 9 10 | 10.5
Dodging        | 4 6 8 10 11 | 11.3

Action                   |  1- 3 |  4- 6 |  7- 9 | 10-12 || total
-------------------------+-------+-------+-------+-------++-------
Melee: Hand axe          |    64 |   129 |   276 |       ||   469
       Headbutt          |    10 |    18 |    68 |    55 ||   151
       Battleaxe         |       |       |    39 |   177 ||   216
       Executioner's axe |       |       |       |   159 ||   159
Throw: Dart              |       |       |       |     8 ||     8
Invok: Trog's Hand       |     1 |     3 |    11 |    11 ||    26
       Berserk           |       |     2 |     4 |     6 ||    12
  Use: Scroll            |     5 |     5 |     6 |    11 ||    27
       Potion            |       |       |       |     1 ||     1
 Stab: Sleeping          |     1 |       |       |       ||     1
  Eat: Chunk             |     1 |    11 |    16 |    26 ||    54
       Ration            |       |       |     1 |     1 ||     2
Armor: Animal skin       |    10 |     7 |       |       ||    17
       Ring mail         |       |    31 |    18 |       ||    49
       Chain mail        |       |       |   148 |   117 ||   265
       Steam dragon scal |       |       |       |    62 ||    62
Dodge: Dodged            |    44 |    59 |   136 |   275 ||   514
